 Dungeon Crawl Stone Soup version 0.29.1-13-g9f3cf754e1 (webtiles) character file.

Game seed: 9077547743507039758

54 retardedninja the Shield-Bearer (level 3, 0/24 HPs)
             Began as a Gargoyle Fighter on Jan 24, 2023.
             Slain by Grinder (4 damage)
             ... on level 3 of the Dungeon.
             The game lasted 00:01:39 (1811 turns).

retardedninja the Shield-Bearer (Gargoyle Fighter)  Turns: 1811, Time: 00:01:39

Health: 0/24       AC: 10    Str: 21    XL:     3   Next: 91%
Magic:  3/3        EV:  9    Int:  8    God:
Gold:   142        SH:  4    Dex:  9    Spells: 2/2 levels left

rFire   . . .      SeeInvis .   a - +0 flail
rCold   . . .      Faith    .   c - +0 buckler
rNeg    + . .      Spirit   .   b - +0 scale mail
rPois   ∞          Reflect  .   (no helmet)
rElec   +          Harm     .   (no cloak)
rCorr   .          Rampage  .   (no gloves)
Will    .....                   (no boots)
Stlth   ..........              (no amulet)
HPRegen 0.08/turn               (no ring)
MPRegen 0.08/turn               (no ring)

@: no status effects
A: sickness immunity, AC +3, negative energy resistance 1, electricity
resistance, torment resistance 1, petrification resistance
a: no special abilities


You were on level 3 of the Dungeon.
You visited 1 branch of the dungeon, and saw 3 of its levels.

You collected 142 gold pieces.

Inventory:

Hand Weapons
 a - a +0 flail (weapon)
Armour
 b - a +0 scale mail (worn)
 c - a +0 buckler (worn)
Scrolls
 h - a scroll of identify {unknown}
 k - a scroll of blinking {unknown}
 l - 4 scrolls of amnesia {unknown}
Potions
 d - a potion of might
 e - a potion of invisibility {unknown}
 f - a potion of brilliance {unknown}
 g - a potion of degeneration {unknown}
 i - a potion of magic {unknown}
 j - a potion of curing {unknown}


   Skills:
 + Level 3.8 Fighting
 + Level 2.6 Maces & Flails
 + Level 3.8 Armour
 + Level 3.8 Shields


You had 2 spell levels left.
You didn't know any spells.
Your spell library contained the following spells:

 Spells                   Type           Power      Damage    Failure   Level
 Gell's Gravitas          Tloc           0%         N/A       99%         3
 Teleport Other           Tloc           0%         N/A       99%         3
 Dispersal                Tloc           0%         N/A       100%        6


Dungeon Overview and Level Annotations

Branches:
Dungeon (3/15)

Altars:
Makhleb

Annotations:
D:3 Grinder


Innate Abilities, Weirdness & Mutations

You are immune to sickness and miasma.
Your stone body is resilient. (AC +3)
You are immune to poison.
You resist negative energy. (rN+)
You are resistant to electric shocks. (rElec)
You are resistant to unholy torment.
You are immune to petrification.


Message History

The worm is moderately wounded.
You hit the worm but do no damage.
The worm is moderately wounded.
The worm bites you.
You thump the worm!
The worm is almost dead.
The worm bites you.
You hit the worm but do no damage.
The worm is almost dead.
The worm bites you but does no damage.
You sock the worm!
You kill the worm!
Grinder gestures at you.
You barely resist.
Found 15 gold pieces.
Grinder gestures at you.
You suddenly lose the ability to move!
Grinder hits you but does no damage. Grinder hits you.
* * * LOW HITPOINT WARNING * * *
You can move again.
Things that are here:
a worm corpse; a hobgoblin corpse You barely miss Grinder.
Grinder is severely wounded.
Grinder blinks!
Grinder blinks!
Things that are here:
a worm corpse; a hobgoblin corpse You now have 142 gold pieces (gained 8).
Grinder gestures at you. Pain shoots through your body!
* * * LOW HITPOINT WARNING * * *
You hit Grinder.
Grinder is severely wounded.
Grinder closely misses you.
You barely miss Grinder.
Grinder is severely wounded.
Grinder hits you.
You die...

####.# #.#
..<..# #.#
###### #.#
#######.####
...........#
#######.##.#
...##.#
######.# #@#
#5#
##.####†####
#.§.$.../..#
.....##.##.#
.... ... ..
... ##### ##
#. .


You could see Grinder.

Vanquished Creatures
  An adder (D:2)
  A gnoll (D:1)
  A worm (D:3)
  2 ball pythons (D:1)
  6 bats
  An endoplasm (D:1)
  3 giant cockroaches
  2 goblins
  3 hobgoblins
  4 jackals (D:1)
  3 kobolds
  A frilled lizard (D:1)
  3 rats
31 creatures vanquished.

Notes
Turn   | Place    | Note
-------+----------+-------------------------------------------
     0 | D:1      | retardedninja the Gargoyle Fighter began the quest for the
                  | Orb.
     0 | D:1      | Reached XP level 1. HP: 14/14 MP: 1/1
   119 | D:1      | Reached XP level 2. HP: 13/19 MP: 2/2
   595 | D:1      | Reached XP level 3. HP: 22/23 MP: 3/3
   815 | D:1      | Found a faded altar of an unknown god.
  1358 | D:2      | Found a burning altar of Makhleb.
  1778 | D:3      | Noticed Grinder
  1797 | D:3      | Paralysed by Grinder for 3 turns
  1811 | D:3      | Slain by Grinder

Illustrated notes

Levels and vault maps discovered:
D:1:      eino_arrival_cavern_d, layout_basic, ebering_ecumenical_altar_hall,
          minmay_misc_feat_square
D:2:      layout_basic, basic_altar
D:3:      layout_loops_ring, uniq_robin, uniq_jessica, uniq_sigmund,
          uniq_grinder

Action                   || total
-------------------------++-------
Melee: Flail             ||   132
Armor: Scale mail        ||    79
Dodge: Dodged            ||    73
Block: Buckler           ||    21
